 Dungeon Crawl Stone Soup version 0.31-a0-222-gefeffbb62a (webtiles) character file.

Game seed: 13393701564070804920

130 qw the Shooter (level 4, -2/36 (37) HPs)
             Began as a Minotaur Hexslinger on July 5, 2023.
             Was an Initiate of Okawaru.
             Slain by a wight
             ... wielding a +0 halberd
              (10 damage)
             ... on level 4 of the Dungeon.
             The game lasted 00:00:46 (2059 turns).

qw the Shooter (Minotaur Hexslinger)                Turns: 2059, Time: 00:00:47

HP:   -2/36 (37)    AC:  9    Str: 12    XL:     4   Next: 89%
MP:   4/4           EV:  2    Int: 10    God:    Okawaru [......]
Gold: 107           SH:  0    Dex: 15    Spells: 4/5 levels left

rFire   . . .        m - +2 sling
rCold   . . .        (no shield)
rNeg    . . .        g - +0 ring mail
rPois   .            (helmet restricted)
rElec   .            (no cloak)
rCorr   +            (no gloves)
SInv    .            (no boots)
Will    ++...        (no amulet)
Stlth   +            f - ring of Ores {Will++ rCorr Slay+3}
HPRegen 0.26/turn    i - +4 ring of protection
MPRegen 0.09/turn

%: no passive effects
@: sleeping, lightly drained
A: horns 2, retaliatory headbutt
a: Renounce Religion


You were on level 4 of the Dungeon.
You worshipped Okawaru.
Okawaru was noncommittal.
You visited 1 branch of the dungeon, and saw 4 of its levels.

You collected 107 gold pieces.


Innate Abilities, Weirdness & Mutations

You have a pair of horns on your head.
You reflexively headbutt those who attack you in melee.


   Skills:
 + Level 2.3 Fighting
 - Level 5.0 Ranged Weapons
 - Level 1.3 Armour
 - Level 2.1 Dodging
 - Level 1.0 Spellcasting
 - Level 2.0 Hexes


You had 4 spell levels left.
You knew the following spells:

 Your Spells              Type           Power      Damage    Failure   Level
a - Slow                  Hex            16%        N/A       32%         1

Your spell library contained the following spells:

 Spells                   Type           Power      Damage    Failure   Level
 Inner Flame              Hex/Fire       2%         N/A       83%         3
 Portal Projectile        Hex/Tloc       4%         N/A       83%         3
 Cause Fear               Hex            2%         N/A       97%         4

Inventory:

Hand Weapons
 m - a +2 sling (weapon)
Armour
 g - a +0 ring mail (worn)
Jewellery
 f - the ring of Ores (left hand) {Will++ rCorr Slay+3}
   (You acquired it on level 3 of the Dungeon)

   [ring of resist corrosion]

   Slay:      It affects your accuracy & damage with ranged weapons and melee
   (+3).
   rCorr:     It protects you from acid and corrosion.
   Will:      It greatly increases your willpower.
 i - a +4 ring of protection (right hand)
Scrolls
 b - a scroll of teleportation
 h - a scroll of identify
Potions
 a - a potion of mutation {unknown}
 d - a potion of might {unknown}
 e - a potion of attraction {unknown}
 k - a potion of curing {unknown}

Dungeon Overview and Level Annotations

Branches:
Dungeon (4/15)
 Temple: D:4-7

Altars:
Okawaru

Annotations:
D:3 2 runed translucent doors, qw's ghost, amateur GrHs


Message History

Found a mace.
An adder comes into view.
You shoot a sling bullet.
The sling bullet barely misses the adder.
The adder misses you.
You shoot a sling bullet. The sling bullet hits the adder.
The adder is lightly wounded.
The adder closely misses you. The adder barely misses you.
You shoot a sling bullet.
The sling bullet closely misses the adder.
The adder bites you but does no damage. x2
You shoot a sling bullet. The sling bullet hits the adder!
You kill the adder!
Okawaru accepts your kill.
Found a book of Necromancy.
You now have 107 gold pieces (gained 10).
You see here a +0 mace.
A sleepcap and a wight come into view.
You shoot a sling bullet. The sling bullet hits the wight.
The wight is moderately damaged.
You shoot a sling bullet. The sling bullet hits the wight!
The wight is severely damaged.
You shoot a sling bullet.
The sling bullet closely misses the wight.
You shoot a sling bullet.
The sling bullet barely misses the wight.
The wight hits you from afar with a +0 halberd!
You shoot a sling bullet. The sling bullet hits the sleepcap.
The sleepcap is lightly damaged.
The wight hits you from afar with a +0 halberd!
You feel drained. The sleepcap closely misses you.
You shoot a sling bullet. The sling bullet hits the sleepcap.
The sleepcap is moderately damaged.
The wight hits you but does no damage.
The sleepcap releases spores at you but does no damage.
The sleepcap releases spores at you!
You are engulfed in a cloud of soporific spores!
You fall asleep.
The wight hits you from afar with a +0 halberd!
You die...

#### #...###...#
.....##..###...#
.........##..<## .
####.##.###.### .# #
#.# #.# ... #.# #.#
.#.# #.# #.# .....
####.##.###.##z...#
............@f...#
........###.#...#...
.###.#### #)##......
#: #.# ...... # #.#
####. #.# #.. #.#
#.#


You could see a sleepcap and a wight.

Vanquished Creatures
  An orc priest (D:3)
  5 adders
  A worm (D:2)
  A dart slug (D:1)
  4 orcs (D:3)
  An endoplasm (D:1)
  2 giant cockroaches (D:3)
  2 goblins
  4 hobgoblins
  4 jackals (D:2)
  5 kobolds
  3 quokkas
  4 bats
  3 frilled lizards
  10 rats
50 creatures vanquished.

Notes
Turn   | Place    | Note
-------+----------+-------------------------------------------
     0 | D:1      | qw the Minotaur Hexslinger began the quest for the Orb.
     0 | D:1      | Reached XP level 1. HP: 16/16 MP: 1/1
     0 | D:1      | 0 ||| qw: Version: 0.3-a-46-gb1f654a
     0 | D:1      | 0 ||| qw: Game counter: 1001
     0 | D:1      | 0 ||| qw: Melee chars always use a shield: true
     0 | D:1      | 0 ||| qw: God list: Okawaru
     0 | D:1      | 0 ||| qw: Allow faded altars: false
     0 | D:1      | 0 ||| qw: Do Orc after clearing Dungeon:15 true
     0 | D:1      | 0 ||| qw: Do second Lair branch before Depths: true
     0 | D:1      | 0 ||| qw: Lair rune preference: random
     0 | D:1      | 0 ||| qw: Goals: Normal
     0 | D:1      | 0 ||| PLANNING D:1-11
   164 | D:1      | Reached skill level 3 in Ranged Weapons
   166 | D:1      | Reached XP level 2. HP: 23/23 MP: 2/2
   401 | D:1      | 401 ||| UPGRADING to +0 ring mail.
   411 | D:1      | 411 ||| DROPPING +0 robe.
   412 | D:1      | 412 ||| UPGRADING to ring of willpower.
   413 | D:1      | 413 ||| READING scroll labelled CAMNAH PASH.
   417 | D:1      | 417 ||| DROPPING scroll of poison.
   434 | D:2      | Found an iron altar of Okawaru.
   435 | D:2      | 435 ||| PLANNING OKAWARU WORSHIP
   443 | D:2      | Became a worshipper of Warmaster Okawaru
   444 | D:2      | 444 ||| PLANNING D:1-11
   709 | D:2      | Reached XP level 3. HP: 27/29 MP: 3/3
   808 | D:2      | Found a faded altar of an unknown god.
  1052 | D:2      | 1052 ||| READING scroll labelled YKHIRE UF EHYOH.
  1053 | D:2      | 1053 ||| READING 2 scrolls labelled ROSTROLI QERECH.
  1101 | D:3      | Reached skill level 4 in Ranged Weapons
  1145 | D:3      | Reached skill level 1 in Armour
  1259 | D:3      | Reached XP level 4. HP: 21/36 MP: 4/4
  1555 | D:3      | HP: 9/36 [poisoned by a kobold]
  1679 | D:3      | Found a runed translucent door.
  1715 | D:3      | Reached skill level 5 in Ranged Weapons
  1823 | D:3      | Found a runed translucent door.
  1823 | D:3      | Noticed a bullfrog
  1824 | D:3      | Noticed qw's ghost (amateur GrHs)
  1971 | D:3      | 1971 ||| DROPPING amulet of guardian spirit.
  1972 | D:3      | 1972 ||| UPGRADING to ring of protection from cold.
  1973 | D:3      | 1973 ||| UPGRADING to +4 ring of protection.
  1975 | D:3      | 1975 ||| READING scroll labelled CIYZUI NICLIGH.
  1976 | D:3      | 1976 ||| READING scroll labelled YFYNUEMOBB.
  1977 | D:3      | 1977 ||| READING scroll labelled SERPHO JUODOO.
  1977 | D:3      | Identified a scroll of acquirement
  1977 | D:3      | 1977 ||| ACQUIRING ring of Ores {Will++ rCorr Slay+3}
  1977 | D:3      | Acquired the ring of Ores {Will++ rCorr Slay+3}
  1979 | D:3      | 1979 ||| DROPPING ring of willpower.
  1980 | D:3      | 1980 ||| UPGRADING to ring of Ores {Will++ rCorr Slay+3}.
  1982 | D:3      | 1982 ||| UPGRADING to +4 ring of protection.
  1984 | D:3      | 1984 ||| DROPPING ring of protection from cold.
  2059 | D:4      | HP: 8/36 [sleepcap (7)]
  2059 | D:4      | Slain by a wight

Levels and vault maps discovered:
D:1:      dpeg_arrival_tiny_g, layout_basic
D:2:      layout_basic, basic_altar, hellmonk_ecumenical_altar_blasted,
          minmay_misc_feat_columns
D:3:      layout_basic, ebering_ghost_sewer_f, palyth_stone_intersect,
          amcnicky_mini_rare_corridor_liquid
D:4:      layout_loops_ring, hangedman_decor_opposing, serial_bayou_pond_e,
          glass_columns_c, columned_hall_lemuel, uniq_menkaure, uniq_edmund

Skill      XL: |  1  2  3  4 |
---------------+-------------+-----
Ranged Weapons | 3 4 5 |  5.0
Fighting       | 2 |  2.3
Armour         | 1 |  1.3
Dodging        | |  2.1
Spellcasting   | |  1.0
Hexes          | |  2.0

Action                     |  1- 3 |  4- 6 || total
---------------------------+-------+-------++-------
   Fire: Sling             |   111 |    43 ||   154
    Use: Scroll            |     3 |     3 ||     6
 Armour: Ring mail         |    10 |    14 ||    24
  Dodge: Dodged            |    27 |    16 ||    43

Table legend:
 A = Non-vault XP
 B = Vault XP
 C = Vault XP percentage of total XP
 D = Non-vault monster count
 E = Vault monster count
 F = Vault count percentage of total count
                 A         B        C        D         E       F
            +---------+---------+-------+---------+---------+-------
      Total |     186 |       0 |   0.0 |      50 |       0 |   0.0
            +---------+---------+-------+---------+---------+-------
        D:1 |      20 |       0 |   0.0 |      11 |       0 |   0.0
        D:2 |      41 |       0 |   0.0 |      18 |       0 |   0.0
        D:3 |     112 |       0 |   0.0 |      20 |       0 |   0.0
        D:4 |      13 |       0 |   0.0 |       1 |       0 |   0.0
            +---------+---------+-------+---------+---------+-------
